nht, chaotic female elven Wizard ----- ------- -- --------.|.------ --..--.-- --.-- --...|.|.....--..---- --- |..@&...| |...| --...................| --..| --....%------ ...| |...--..........%.<..| ....| |..........| -..-- ---.---|........---...-- ....--- --.|..----.-----..------------...| |.....[...-|..-- ....... |.|.............................| ----%......|--- ..... -.|--------........-----.--.....| |.........| .... .| |........| ......|..| --.---.----- ----..- .| -- | --........-- |.....--------..----| |.)...| --- |...............| ---..-- -.........---------------.....-- - --..............- ---- |....----%.................(.......- |...............- --.--- |...)---.).---(...|.....--- ----.............| -- --........--|...----.....| --............| |...(....| --.>| -...... |............- -........| |..- ......- ---...........| |....--.---- |... |..--- ---.---.....| |....|--- --.-- ..| --- --..--- --.--- --- --- --- -- nht the Thaumaturge Experience level: 7 Strength: 13 Dexterity: 15 Constitution: 16 Intelligence: 13 Wisdom: 9 Charisma: 9 Health: 0(51) Energy: 60(60) Def: 2 Gold: 53 Moves: 1289 Dungeon seed: fDnh4v-iwyGjdnML Game ID: nht_1433829578 Your Inventory: Coins $ - 53 gold pieces Weapons a - a blessed +1 quarterstaff T - 5 +0 darts Armor e - an uncursed +0 cloak of magic resistance (being worn) z - an uncursed +0 pair of water walking boots (being worn) Scrolls w - 2 uncursed scrolls of identify B - an uncursed scroll of light M - an uncursed scroll of scare monster S - an uncursed scroll of remove curse Potions H - an uncursed potion of water W - an uncursed potion of sleeping Wands h - a wand of cold (0:6) E - a wand of cancellation (0:6) Tools b - an uncursed bag of holding f - an uncursed stethoscope i - an uncursed oil lamp (lit) (0:1237) (weapon in hand) o - a magic marker (0:89) p - an uncursed wooden harp t - an uncursed blindfold v - an uncursed skeleton key x - an uncursed magic whistle I - an uncursed magic whistle O - a can of grease (0:3) U - an uncursed oil lamp (0:632) V - 7 uncursed tallow candles (0:200) Gems n - an uncursed turquoise stone q - an uncursed worthless piece of black glass r - an uncursed worthless piece of violet glass N - an uncursed worthless piece of white glass Y - an uncursed worthless piece of blue glass Contents of the bag of holding: a +0 dwarvish mattock a blessed scroll of identify an uncursed scroll of light a blessed scroll of remove curse an uncursed scroll of stinking cloud an uncursed scroll of teleportation a cursed scroll of teleportation a blessed spellbook of detect monsters an uncursed spellbook of healing a blessed spellbook of magic missile an uncursed spellbook of teleport away 2 uncursed potions of invisibility an uncursed potion of object detection an uncursed potion of sickness an uncursed +1 ring of adornment an uncursed ring of teleportation a crystal ball (0:3) an expensive camera (0:80) an uncursed figurine of a lichen an uncursed magic whistle an uncursed oil lamp (0:1446) an uncursed oil lamp (0:1377) 7 uncursed tallow candles (0:200) Spells known in the end: Name Level Category Fail Memory a - force bolt 1 attack 0% 94% b - magic missile 2 attack 0% 94% c - healing 1 healing 0% 94% d - detect monsters 1 divination 0% 95% Your skills at the end: Fighting Skills Weapon Skills quarterstaff [Basic] Spellcasting Skills attack spells [Basic] enchantment spells [Basic] Final Attributes: You were piously aligned. You were sleep resistant. You were magic-protected. You were telepathic. You had infravision. You could walk on water. You were very lucky. You are dead. Vanquished creatures: a housecat 2 human zombies 2 soldier ants 3 Uruk-hai an orc shaman 2 ponies a shrieker 4 gnome lords 5 gnomish wizards a black naga hatchling a straw golem 4 giant ants 2 floating eyes 6 dwarves 2 kobold lords 2 kobold shamans a rothe 2 rabid rats a centipede an orc zombie an iguana 2 killer bees an acid blob 2 coyotes a hobbit a hobgoblin a giant rat a cave spider 17 gnomes 2 jackals 2 grid bugs a lichen a kobold zombie a newt 78 creatures vanquished. Voluntary challenges: You used a wielded weapon 161 times, starting on turn 104. You read items or engraved 14 times, starting on turn 128. You never genocided any monsters. You never polymorphed an object. You never changed form. You used no wishes. You never split a pudding. You wrote Elbereth's name 7 times, starting on turn 437. You violated your moral code, losing 1 point of alignment, starting on turn 1286. You disabled loading bones files. Dungeon overview: The Dungeons of Doom: levels 1 to 2 Level 1 a fountain a long staircase Level 2 a hardware shop stairs to The Gnomish Mines The Gnomish Mines: levels 3 to 6 Level 3 stairs to The Dungeons of Doom Level 4 <- You were here Level 5 many shops, a temple to Anhur, some fountains Level 6 History has recorded: On T:1 you entered the Dungeons of Doom to retrieve the Amulet of Yendor! On T:111 you reached level 2 of The Dungeons of Doom. On T:324 you reached level 1 of The Gnomish Mines. On T:356 you advanced to experience level 2. On T:384 you advanced to experience level 3. On T:395 you reached level 2 of The Gnomish Mines. On T:405 you advanced to experience level 4. On T:473 you advanced to experience level 5. On T:490 you reached level 3 of The Gnomish Mines. On T:513 you reached level 4 of The Gnomish Mines. On T:680 you advanced to experience level 6. On T:948 you advanced to experience level 7. Score breakdown: Gold: 53 ( 5893 points) Experience: 7 levels (13645 points) Exploration: 6 levels ( 13.33%) (10112 points) Discoveries: 18 items ( 6.52%) ( 7661 points) Valuables value: (no points given unless you survive) Artifact value: 0 ( 0 points) Variety of kills: 34 monsters ( 8.97%) ( 8985 points) Time penalty: 1289 turns ( 0 points) Survival: died (score multiplied by 80%) Total score: 37036 Latest messages: You miss the djinni. The djinni hits! You die... Final status: Goodbye nht the Wizard, killed by a djinni... You died in The Gnomish Mines on dungeon level 4 with 37036 points, and 53 pieces of gold, after 1289 moves. You were level 7 with a maximum of 51 hit points when you died.